[ AOE2 MATCH · #506813947 ]
UnrankedRomans vs Mongols
Player's team · LOSS
Rival team · WIN
[ REPLAY ANALYSIS · EXTRACTED FROM THE RECORDED GAME ]
Feudal
10:36
Castle
20:15
Imperial
—
| APM avg | 57.7 |
| APM peak | 93 |
| eAPM avg | 25.1 |
| Villagers / military | 104 / 80 |
Focus
⚔️ 42.7% · 🌾 57.3%
Archer ×54 · Mangonel ×14 · Knight ×5 · Scorpion ×4 · Militia ×3
Feudal
10:57
Castle
20:23
Imperial
39:12
| APM avg | 53.9 |
| APM peak | 154 |
| eAPM avg | 27.8 |
| Villagers / military | 140 / 92 |
Focus
⚔️ 33.7% · 🌾 66.3%
Archer ×52 · Mangudai ×25 · Mangonel ×11 · Militia ×4
Match map
Initial resources + every placement click. Lines = walls · curves = elevation contours. ◆ gold · ⬟ stone · ● berries · ✦ relic · ◌ wall gap
Your base· ✓ Closed at 20:15 · 50t walls · 1 gate(s)
elbanovic's base· ✓ Closed at 20:23 · 49t walls · no gate
Smoothed initial terrain · ◌ = detected wall gap · hover for details
Inputs per minute
— Chili - - elbanovic
Build order — Chili
First 150 of 315 actions detected
| 0:00 | Queue | Villager (Male) |
| 0:01 | Queue | Villager (Male) |
| 0:02 | Build | House |
| 0:03 | Build | House |
| 0:04 | Queue | Villager (Male) |
| 0:04 | Queue | Villager (Male) |
| 1:31 | Queue | Villager (Male) |
| 2:07 | Queue | Villager (Male) |
| 2:07 | Queue | Villager (Male) |
| 2:10 | Queue | Villager (Male) |
| 2:13 | Build | Lumber Camp |
| 2:42 | Queue | Villager (Male) |
| 3:10 | Queue | Villager (Male) |
| 3:19 | Queue | Villager (Male) |
| 3:37 | Build | House |
| 3:45 | Queue | Villager (Male) |
| 4:24 | Queue | Villager (Male) |
| 4:25 | Queue | Villager (Male) |
| 4:51 | Build | Mill |
| 5:06 | Queue | Villager (Male) |
| 5:19 | Queue | Villager (Male) |
| 5:57 | Queue | Villager (Male) |
| 6:00 | Build | Mill |
| 6:14 | Queue | Villager (Male) |
| 6:24 | Build | House |
| 6:35 | Queue | Villager (Male) |
| 6:35 | Queue | Villager (Male) |
| 6:53 | Queue | Villager (Male) |
| 7:33 | Queue | Villager (Male) |
| 7:33 | Queue | Villager (Male) |
| 7:33 | Queue | Villager (Male) |
| 7:39 | Build | Palisade Wall |
| 7:44 | Build | Palisade Wall |
| 7:56 | Research | Loom |
| 8:26 | Research | Feudal Age |
| 8:30 | Build | Barracks |
| 8:38 | Build | Palisade Gate |
| 8:40 | Build | Palisade Wall |
| 8:56 | Build | House |
| 9:25 | Queue | Militia |
| 9:27 | Build | Mining Camp |
| 9:46 | Build | Farm |
| 9:47 | Build | Farm |
| 9:49 | Queue | Militia |
| 9:54 | Build | Farm |
| 10:09 | Queue | Villager (Male) |
| 10:15 | Queue | Militia |
| 10:27 | Build | Farm |
| 10:36 | Age | Feudal Age |
| 10:47 | Queue | Villager (Male) |
| 11:03 | Build | Farm |
| 11:04 | Build | Farm |
| 11:11 | Research | Man-at-Arms (upgrade) |
| 11:20 | Queue | Villager (Male) |
| 11:24 | Build | Farm |
| 11:36 | Build | House |
| 12:09 | Queue | Villager (Male) |
| 12:12 | Build | Farm |
| 12:24 | Research | Double-Bit Axe |
| 12:33 | Queue | Villager (Male) |
| 12:48 | Build | Archery Range |
| 12:53 | Queue | Villager (Male) |
| 13:16 | Queue | Villager (Male) |
| 13:20 | Build | House |
| 13:31 | Queue | Archer |
| 13:35 | Build | House |
| 13:36 | Queue | Villager (Male) |
| 13:37 | Queue | Archer |
| 13:46 | Build | House |
| 13:49 | Build | Palisade Wall |
| 13:51 | Build | Palisade Wall |
| 13:54 | Build | Palisade Wall |
| 13:58 | Build | Palisade Wall |
| 14:04 | Queue | Villager (Male) |
| 14:20 | Queue | Archer |
| 14:27 | Queue | Villager (Male) |
| 14:50 | Queue | Villager (Male) |
| 14:53 | Build | Farm |
| 14:54 | Build | Farm |
| 14:56 | Queue | Archer |
| 15:04 | Build | Archery Range |
| 15:05 | Queue | Villager (Male) |
| 15:11 | Queue | Villager (Male) |
| 15:22 | Queue | Archer |
| 15:28 | Queue | Villager (Male) |
| 15:34 | Build | Palisade Wall |
| 15:41 | Build | Palisade Wall |
| 15:42 | Queue | Archer |
| 15:42 | Queue | Archer |
| 15:43 | Queue | Villager (Male) |
| 16:01 | Queue | Villager (Male) |
| 16:03 | Queue | Archer |
| 16:07 | Build | Farm |
| 16:17 | Build | Palisade Wall |
| 16:37 | Queue | Archer |
| 16:37 | Queue | Archer |
| 16:42 | Build | House |
| 16:57 | Queue | Villager (Male) |
| 17:10 | Queue | Villager (Male) |
| 17:12 | Build | Blacksmith |
| 17:22 | Queue | Archer |
| 17:31 | Research | Castle Age |
| 17:39 | Build | House |
| 17:44 | Build | Farm |
| 17:55 | Queue | Archer |
| 17:55 | Queue | Archer |
| 18:00 | Build | House |
| 18:17 | Research | Gold Mining |
| 18:19 | Queue | Villager (Male) |
| 18:30 | Research | Fletching |
| 18:35 | Build | House |
| 18:42 | Queue | Archer |
| 18:43 | Queue | Archer |
| 18:51 | Build | Palisade Wall |
| 18:53 | Build | Farm |
| 18:56 | Queue | Villager (Male) |
| 19:11 | Build | Farm |
| 19:18 | Queue | Villager (Male) |
| 19:19 | Queue | Archer |
| 19:19 | Queue | Archer |
| 19:42 | Research | Padded Archer Armor |
| 19:53 | Queue | Archer |
| 19:53 | Queue | Archer |
| 20:15 | Age | Castle Age |
| 20:18 | Research | Crossbowman (upgrade) |
| 20:29 | Queue | Archer |
| 20:30 | Queue | Archer |
| 20:35 | Build | Farm |
| 20:37 | Build | Farm |
| 20:53 | Research | Bodkin Arrow |
| 20:53 | Queue | Archer |
| 20:54 | Queue | Archer |
| 20:58 | Build | House |
| 20:59 | Build | House |
| 21:03 | Queue | Archer |
| 21:03 | Queue | Archer |
| 21:45 | Queue | Villager (Male) |
| 21:46 | Queue | Villager (Male) |
| 21:46 | Queue | Archer |
| 21:51 | Queue | Villager (Male) |
| 22:00 | Queue | Archer |
| 22:01 | Queue | Archer |
| 22:05 | Queue | Villager (Male) |
| 22:10 | Build | House |
| 22:27 | Build | Lumber Camp |
| 22:30 | Queue | Archer |
| 22:31 | Queue | Archer |
| 22:46 | Queue | Villager (Male) |
| 22:52 | Build | Siege Workshop |
| 22:58 | Queue | Archer |
Build order — elbanovic
First 150 of 378 actions detected
| 0:00 | Queue | Villager (Male) |
| 0:01 | Queue | Villager (Male) |
| 0:01 | Queue | Villager (Male) |
| 0:01 | Queue | Villager (Male) |
| 0:01 | Queue | Villager (Male) |
| 0:02 | Build | House |
| 0:03 | Build | House |
| 1:27 | Queue | Villager (Male) |
| 1:44 | Build | Lumber Camp |
| 1:53 | Queue | Villager (Male) |
| 2:18 | Queue | Villager (Male) |
| 2:46 | Queue | Villager (Male) |
| 3:13 | Queue | Villager (Male) |
| 3:34 | Build | House |
| 3:47 | Queue | Villager (Male) |
| 3:50 | Queue | Villager (Male) |
| 3:55 | Queue | Villager (Male) |
| 4:12 | Build | Barracks |
| 4:40 | Build | House |
| 4:50 | Queue | Villager (Male) |
| 5:00 | Queue | Villager (Male) |
| 5:15 | Queue | Militia |
| 5:27 | Queue | Militia |
| 5:28 | Queue | Villager (Male) |
| 5:36 | Build | House |
| 5:48 | Queue | Militia |
| 5:52 | Queue | Villager (Male) |
| 5:52 | Queue | Militia |
| 6:07 | Build | Palisade Wall |
| 6:11 | Build | Palisade Wall |
| 6:19 | Queue | Villager (Male) |
| 6:23 | Queue | Villager (Male) |
| 6:39 | Queue | Villager (Male) |
| 6:50 | Build | Mill |
| 7:15 | Build | Palisade Wall |
| 7:18 | Queue | Villager (Male) |
| 7:26 | Research | Loom |
| 7:33 | Build | Palisade Wall |
| 7:38 | Build | Palisade Wall |
| 7:43 | Queue | Villager (Male) |
| 7:59 | Queue | Villager (Male) |
| 8:23 | Research | Feudal Age |
| 8:36 | Build | Mill |
| 9:21 | Build | Palisade Wall |
| 9:35 | Build | Lumber Camp |
| 9:48 | Queue | Villager (Male) |
| 9:57 | Build | House |
| 10:29 | Build | Mining Camp |
| 10:32 | Queue | Villager (Male) |
| 10:57 | Age | Feudal Age |
| 10:59 | Research | Double-Bit Axe |
| 11:04 | Build | Archery Range |
| 11:20 | Research | Horse Collar |
| 11:26 | Build | Farm |
| 11:44 | Queue | Villager (Male) |
| 11:49 | Build | House |
| 11:53 | Build | Farm |
| 12:02 | Queue | Villager (Male) |
| 12:15 | Build | Farm |
| 12:20 | Queue | Villager (Male) |
| 12:25 | Queue | Archer |
| 12:26 | Queue | Villager (Male) |
| 12:34 | Build | Farm |
| 12:39 | Queue | Villager (Male) |
| 12:50 | Queue | Villager (Male) |
| 12:57 | Build | Blacksmith |
| 13:01 | Queue | Archer |
| 13:08 | Queue | Villager (Male) |
| 13:35 | Queue | Archer |
| 13:35 | Queue | Villager (Male) |
| 13:38 | Build | Farm |
| 13:49 | Queue | Archer |
| 13:52 | Queue | Villager (Male) |
| 13:56 | Build | Farm |
| 14:05 | Build | House |
| 14:15 | Queue | Archer |
| 14:26 | Research | Fletching |
| 14:28 | Queue | Villager (Male) |
| 14:30 | Build | Farm |
| 14:35 | Build | Farm |
| 14:46 | Queue | Villager (Male) |
| 14:49 | Build | House |
| 14:54 | Build | Farm |
| 14:55 | Queue | Archer |
| 14:57 | Build | Farm |
| 15:07 | Queue | Villager (Male) |
| 15:14 | Build | Farm |
| 15:18 | Build | Farm |
| 15:22 | Build | Palisade Wall |
| 15:31 | Queue | Villager (Male) |
| 15:35 | Queue | Archer |
| 15:37 | Build | Palisade Wall |
| 15:38 | Build | Palisade Wall |
| 15:39 | Queue | Villager (Male) |
| 15:50 | Queue | Archer |
| 15:50 | Queue | Villager (Male) |
| 16:01 | Build | Palisade Wall |
| 16:04 | Build | House |
| 16:15 | Build | House |
| 16:16 | Queue | Archer |
| 16:26 | Queue | Villager (Male) |
| 16:28 | Queue | Archer |
| 16:33 | Build | Farm |
| 16:46 | Queue | Villager (Male) |
| 16:48 | Build | Farm |
| 17:12 | Queue | Archer |
| 17:14 | Queue | Villager (Male) |
| 17:23 | Queue | Archer |
| 17:24 | Build | House |
| 17:28 | Build | Farm |
| 17:32 | Queue | Villager (Male) |
| 17:43 | Research | Castle Age |
| 17:44 | Research | Castle Age |
| 17:57 | Build | House |
| 17:58 | Build | Palisade Wall |
| 18:07 | Build | Archery Range |
| 18:10 | Research | Gold Mining |
| 18:12 | Research | Padded Archer Armor |
| 18:13 | Queue | Archer |
| 18:33 | Build | House |
| 18:49 | Queue | Archer |
| 18:54 | Build | House |
| 18:58 | Build | House |
| 18:59 | Build | House |
| 19:01 | Build | House |
| 19:08 | Queue | Villager (Male) |
| 19:13 | Queue | Archer |
| 19:15 | Queue | Archer |
| 19:30 | Queue | Archer |
| 19:43 | Queue | Archer |
| 19:45 | Build | House |
| 19:46 | Build | House |
| 19:48 | Research | Town Watch |
| 19:56 | Queue | Archer |
| 20:06 | Build | House |
| 20:10 | Build | House |
| 20:13 | Queue | Archer |
| 20:23 | Age | Castle Age |
| 20:26 | Research | Bodkin Arrow |
| 20:26 | Research | Crossbowman (upgrade) |
| 20:31 | Research | Bow Saw |
| 20:32 | Queue | Villager (Male) |
| 20:38 | Build | Town Center |
| 20:42 | Queue | Archer |
| 20:54 | Queue | Archer |
| 20:56 | Queue | Villager (Male) |
| 21:07 | Build | Siege Workshop |
| 21:10 | Queue | Villager (Male) |
| 21:21 | Research | Leather Archer Armor |
| 21:28 | Queue | Villager (Male) |
Match timeline
| 4:12 | elbanovic · first_building Barracks |
| 6:07 | elbanovic · wall_segment Palisade Wall x6 |
| 6:11 | elbanovic · wall_segment Palisade Wall x8 |
| 7:15 | elbanovic · wall_segment Palisade Wall x7 |
| 7:33 | elbanovic · wall_segment Palisade Wall x7 |
| 7:38 | elbanovic · wall_segment Palisade Wall x11 |
| 7:39 | Chili · wall_segment Palisade Wall x13 |
| 7:44 | Chili · wall_segment Palisade Wall x4 |
| 8:30 | Chili · first_building Barracks |
| 8:40 | Chili · wall_segment Palisade Wall x1 |
| 9:21 | elbanovic · wall_segment Palisade Wall x6 |
| 10:36 | Chili · age_up feudal |
| 10:57 | elbanovic · age_up feudal |
| 11:04 | elbanovic · first_building Archery Range |
| 12:48 | Chili · first_building Archery Range |
| 13:49 | Chili · wall_segment Palisade Wall x7 |
| 13:51 | Chili · wall_segment Palisade Wall x3 |
| 13:54 | Chili · wall_segment Palisade Wall x1 |
| 13:58 | Chili · wall_segment Palisade Wall x5 |
| 15:22 | elbanovic · wall_segment Palisade Wall x1 |
| 15:34 | Chili · wall_segment Palisade Wall x7 |
| 15:37 | elbanovic · wall_segment Palisade Wall x1 |
| 15:38 | elbanovic · wall_segment Palisade Wall x1 |
| 15:41 | Chili · wall_segment Palisade Wall x5 |
| 16:01 | elbanovic · wall_segment Palisade Wall x1 |
| 16:17 | Chili · wall_segment Palisade Wall x5 |
| 17:58 | elbanovic · wall_segment Palisade Wall x1 |
| 18:51 | Chili · wall_segment Palisade Wall x1 |
| 20:15 | Chili · age_up castle |
| 20:23 | elbanovic · age_up castle |
| 21:07 | elbanovic · first_building Siege Workshop |
| 22:52 | Chili · first_building Siege Workshop |
| 26:06 | elbanovic · first_market_sell 100 food |
| 30:26 | elbanovic · first_building Castle |
| 32:40 | Chili · first_market_buy 100 food |
| 33:56 | elbanovic · first_market_buy 100 wood |
| 36:46 | Chili · first_building Stable |
| 36:49 | elbanovic · first_building Stable |
| 38:10 | elbanovic · first_building Monastery |
| 39:12 | elbanovic · age_up imperial |
| 39:18 | Chili · resign |
[ AI ANALYSIS · 1 CREDIT ]
What really happened in this match?
Wolo.gg analyzes every decision: build order, eco, micro, common mistakes by bracket. Personalized analysis on WhatsApp or Discord in 30 seconds.
Civ guide
Romans
Perfil
Chili